Map: Chantier naval orbital

Players

JungerMin

  • Race: Zerg Zerg
  • Spawn Location: 1:00

zidar - Winner!

  • Race: Zerg Zerg
  • League: Silver
  • Spawn Location: 7:00

VOD

Have the link to the VOD?

Description

Time

  • Played on: Nov. 24, 2015, 11:15 a.m.
  • Length: 6:24
Show
View Real Time Build Order
Export as new Build Order

JungerMin Zerg 

Build Orders: Pool First 

Get SALT Encoding   

  12  0:07  Drone  
  12  0:12  Overlord  
  13  0:17  Drone  
  14  0:35  Spawning Pool  
  14  0:38  Drone  
  14  0:47  Extractor  
  14  0:48  Drone  
  14  0:49  Drone  
  15  1:03  Drone  
  15  1:04  Drone  
  17  1:12  Drone  
  18  1:22  Queen  
  18  1:25  Drone  
  21  1:33  Overlord  
  21  1:49  Metabolic Boost  
  21  1:52  Zergling x2  
  22  2:08  Zergling x4  
  24  2:17  Drone  
  24  2:20  Roach Warren  
  24  2:22  Extractor  
  24  2:29  Hatchery  
  22  2:36  Overlord  
  22  2:37  Zergling x2, Drone  
  24  3:01  Drone x3  
  27  3:05  Queen  
  30  3:33  Zergling x6  
  27  3:49  Zergling x6  
  25  4:02  Zergling x2  
  14  4:18  Drone  
  14  4:23  Hatchery  
  14  4:28  Roach  
  16  4:33  Roach  
  18  4:43  Roach  
  20  4:56  Ravager  
  20  4:58  Ravager  
  22  5:01  Drone  
  22  5:05  Ravager  
  11  5:30  Zergling x2  
  11  5:31  Zergling x4  
Show
View Real Time Build Order
Export as new Build Order

zidar Zerg - Winner!

Build Orders: Pool First 

Get SALT Encoding   

  12  0:01  Drone  
  13  0:12  Overlord  
  13  0:19  Extractor  
  13  0:20  Drone  
  13  0:25  Drone  
  14  0:36  Drone  
  15  0:48  Spawning Pool  
  15  0:49  Drone  
  15  0:56  Drone  
  16  1:03  Overlord  
  16  1:07  Drone  
  17  1:21  Drone  
  18  1:35  Metabolic Boost  
  18  1:36  Queen  
  18  1:39  Overlord  
  20  1:43  Drone  
  21  1:49  Drone  
  22  2:01  Zergling x2  
  23  2:17  Zergling x2  
  24  2:45  Zergling x2  
  24  2:46  Zergling x10  
  30  3:12  Hatchery  
  30  3:17  Zergling x2  
  30  3:18  Zergling x2  
  28  3:49  Zergling x8  
  25  4:24  Zergling x12  
  31  4:31  Zergling x2  
  31  4:32  Zergling x2  
  33  4:45  Roach Warren  
  32  4:55  Extractor  
  32  4:59  Drone x6  
  37  5:03  Queen  
Tags
 
Add a new tag
Caveats
  • Supply blocks, unpowered buildings, or Contaminate may cause inaccurate times.
  • Supply counts are checked every 10 seconds.